 Dungeon Crawl Stone Soup version 0.18.1-8-gdd0e5ea (webtiles) character file.

2242 AnaChi the Ducker (level 9, -2/78 HPs)
             Began as a Grey Draconian Abyssal Knight on June 4, 2016.
             Was an Elder of Lugonu.
             Shot with an arrow by a centaur (13 damage)
             ... on level 7 of the Dungeon.
             The game lasted 00:29:25 (7340 turns).

AnaChi the Ducker (Grey Draconian Abyssal Knight)   Turns: 7340, Time: 00:29:26

Health: -2/78      AC: 15    Str: 17    XL:     9   Next: 14%
Magic:  0/10       EV: 15    Int: 12    God:    Lugonu [****..]
Gold:   307        SH:  0    Dex: 12    Spells: 0 memorised, 8 levels left

rFire  . . .     SeeInvis .     a - +3 falchion
rCold  . . .     Gourm    .     (armour unavailable)
rNeg   . . .     Faith    .     (no shield)
rPois  .         Spirit   +     (helmet restricted)
rElec  .         Dismiss  .     h - +1 cloak
rCorr  .         Reflect  .     B - +0 pair of gloves
SustAt .         Harm     .     (no boots)
MR     .....                    m - amulet of guardian spirit
Stlth  ++........               (no ring)
                                (no ring)

@: flying, not resistant to hostile enchantments, unstealthy
A: walk through water, unfitting armour, antennae 1, screaming 2, unbreathing,
cold-blooded, AC +12
a: Depart the Abyss, Bend Space, Banish, Corrupt, Renounce Religion


You were on level 7 of the Dungeon.
You worshipped Lugonu.
Lugonu was greatly pleased with you.
You were not hungry.

You visited 1 branch of the dungeon, and saw 7 of its levels.
You visited the Abyss 1 time.

You collected 307 gold pieces.

Inventory:

Hand Weapons
 a - a +3 falchion (weapon)
 d - a cursed +0 flail
 x - a +1 dagger of speed
Missiles
 y - 47 bolts
Armour
 h - a +1 cloak (worn)
 j - a +0 naga barding
 A - a +0 cloak
 B - a +0 pair of gloves (worn)
Jewellery
 m - an amulet of guardian spirit (around neck)
Wands
 q - a wand of enslavement (15/24)
 s - a wand of lightning (0/15)
 w - a wand of iceblast (2/15)
Scrolls
 f - 4 scrolls of teleportation
 g - 2 scrolls of noise
 i - 3 scrolls of random uselessness
 t - 2 scrolls of blinking
 z - a scroll of immolation
 E - 3 scrolls of amnesia
Potions
 c - a potion of flight
 e - a potion of might
 k - a potion of brilliance {unknown}
 l - a potion of mutation
 n - 3 potions of curing
 o - a potion of degeneration {unknown}
 p - a potion of cure mutation {unknown}
 u - a potion of berserk rage {unknown}
Comestibles
 b - 6 bread rations
 r - 2 meat rations
 v - a beef jerky
 C - a chunk of flesh
 D - a royal jelly


   Skills:
 + Level 6.9 Fighting
 + Level 6.8 Long Blades
 + Level 7.4 Dodging
 + Level 3.0 Stealth
 + Level 2.3 Invocations
 + Level 1.1 Evocations


You had 8 spell levels left.
You didn't know any spells.

Dungeon Overview and Level Annotations

Branches:
Dungeon (7/15)
 Temple: D:4-7

Altars:
Cheibriados
Dithmenos
Fedhas
Kikubaaqudgha
Ru
Vehumet
Xom
The Shining One

Annotations:
D:7 Duvessa, Menkaure


Innate Abilities, Weirdness & Mutations

You can walk through water.
Your dull iron-grey scales are very hard (AC +12).
Your body does not fit into most forms of armour.
You can survive without breathing.
You are cold-blooded and may be slowed by cold attacks.
You have a pair of small antennae on your head.
You sometimes yell uncontrollably at your foes.


Message History

You see here an arrow.
You slash the orc!
You kill the orc!
Lugonu accepts your kill.
The centaur shoots an arrow.
The arrow closely misses you.
The centaur shoots an arrow.
The arrow barely misses you.
You see here an arrow.
Menkaure gestures at you while chanting.
Pain shoots through your body!
* * * LOW HITPOINT WARNING * * *
Okay, then.
Drink which item? (? for menu, Esc to quit)
It was a potion of mutation.
You feel extremely strange. A pair of antennae grows on your head!
You feel the urge to shout.
You feel a strong urge to yell.
It was a potion of flight.
You feel very buoyant.
You fly up into the air.
The orc barely misses you.
The centaur shoots an arrow.
The arrow hits you!
You die...

##### .. ####...####
#.. #....#....# #.# #
#...##.# #.# #.
##.###.# #.# #.#
#.###.####.# #
#.##...[.c....### #.
##.....@.o.M....#
##.#..#.######(#%#.####
#.......# #((c)....#
#..##.### ####...#.#
#..##.####### .#.#
#...........# o..#
#..##..####.# ..## #.
##.# ..# # #.# ..#


You could see Menkaure, a centaur and an orc.

Vanquished Creatures
  Grinder (D:5)
  An orc warrior (D:6)
  An ice beast (D:6)
  A sky beast (D:5)
  3 centaurs
  3 giant frogs
  2 scorpions
  Dowan (D:7)
  3 wights (D:6)
  2 jellies (D:6)
  7 crimson imps
  A giant frog zombie (D:6)
  4 hounds
  8 orc wizards
  A giant frog skeleton (D:6)
  4 worker ants
  An iguana (D:4)
  A hound skeleton (D:4)
  A worker ant zombie (D:7)
  7 adders
  A gnoll (D:1)
  A howler monkey skeleton (D:4)
  A shadow imp (D:6)
  2 oozes
  3 worms
  A dart slug (D:2)
  3 giant geckos
  13 orcs
  A ball python (D:2)
  7 giant cockroaches
  5 goblins
  12 hobgoblins
  7 jackals
  4 kobolds
  3 quokkas
  7 bats
  A giant gecko skeleton (D:4)
  3 giant newts
  A quokka skeleton (D:4)
  12 rats
141 creatures vanquished.

Vanquished Creatures (others)
  A centaur zombie (D:5)
  An orc wizard (D:4)
2 creatures vanquished.

Grand Total: 143 creatures vanquished

Notes
Turn   | Place    | Note
--------------------------------------------------------------
     0 | Abyss:1  | AnaChi the Draconian Abyssal Knight began the quest for the Orb.
     0 | Abyss:1  | Reached XP level 1. HP: 19/19 MP: 2/2
    42 | Abyss:1  | Noticed an efreet
    43 | D:1      | Escaped the Abyss
   164 | D:1      | Reached XP level 2. HP: 24/26 MP: 3/3
   240 | D:1      | Reached * piety under Lugonu
   764 | D:1      | Reached XP level 3. HP: 33/33 MP: 4/4
  1292 | D:2      | Reached skill level 1 in Stealth
  1749 | D:2      | Reached XP level 4. HP: 39/40 MP: 5/5
  1814 | D:2      | Reached ** piety under Lugonu
  2074 | D:2      | Reached skill level 3 in Dodging
  2114 | D:2      | Found a glowing golden altar of the Shining One.
  2114 | D:2      | Found an ancient bone altar of Kikubaaqudgha.
  2716 | D:3      | Found a shadowy altar of Dithmenos.
  2826 | D:3      | Found a snail-covered altar of Cheibriados.
  3274 | D:4      | Reached XP level 5. HP: 34/46 MP: 2/6
  3801 | D:4      | Reached XP level 6. HP: 5/53 MP: 1/7
  3801 | D:4      | Reached skill level 4 in Dodging
  4270 | D:4      | Found a blossoming altar of Fedhas.
  4538 | D:5      | Entered Level 5 of the Dungeon
  4538 | D:5      | Found a radiant altar of Vehumet.
  4574 | D:5      | Noticed Grinder
  4606 | D:5      | Killed Grinder
  4606 | D:5      | Reached *** piety under Lugonu
  4606 | D:5      | Reached skill level 5 in Fighting
  4606 | D:5      | Your scales start taking on a dull iron-grey colour.
  4606 | D:5      | Reached XP level 7. HP: 7/61 MP: 2/8
  4606 | D:5      | Gained mutation: You can survive without breathing. [Grey Draconian growth]
  4976 | D:5      | Found a shimmering altar of Xom.
  5185 | D:5      | Reached skill level 5 in Dodging
  5258 | D:5      | Reached skill level 5 in Long Blades
  5451 | D:5      | Reached XP level 8. HP: 70/70 MP: 9/9
  5908 | D:6      | Reached skill level 6 in Dodging
  6653 | D:6      | HP: 2/71 [orc warrior/hand axe (6)]
  6654 | D:6      | Reached **** piety under Lugonu
  6690 | D:6      | Reached skill level 7 in Dodging
  6696 | D:6      | HP: 3/71 [wight/mace of freezing (3)]
  7077 | D:6      | Reached XP level 9. HP: 78/78 MP: 10/10
  7192 | D:7      | Found a sacrificial altar of Ru.
  7264 | D:7      | Reached skill level 1 in Evocations
  7320 | D:7      | Noticed Dowan
  7322 | D:7      | Noticed Duvessa
  7326 | D:7      | Noticed Menkaure
  7331 | D:7      | Killed Dowan
  7338 | D:7      | Gained mutation: You have a pair of small antennae on your head. [potion of mutation]
  7338 | D:7      | Gained mutation: You occasionally shout uncontrollably at your foes. [potion of mutation]
  7338 | D:7      | Gained mutation: You sometimes yell uncontrollably at your foes. [potion of mutation]
  7340 | D:7      | Shot with an arrow by a centaur

Skill      XL: |  1  2  3  4  5  6  7  8  9 |
---------------+----------------------------+-----
Fighting       | 4 5 6 |  6.9
Stealth        | 1 2 3 |  3.0
Dodging        | 3 4 5 7 |  7.4
Long Blades    | 3 4 5 6 |  6.8
Evocations     | 1 |  1.1
Invocations    | |  2.3

Action                   |  1- 3 |  4- 6 |  7- 9 || total
-------------------------+-------+-------+-------++-------
Melee: Falchion          |   143 |   181 |   298 ||   622
       Tailslap          |     9 |    17 |    44 ||    70
Invok: Depart the Abyss  |     1 |       |       ||     1
Evoke: Wand              |       |       |     7 ||     7
  Use: Potion            |     1 |     1 |     3 ||     5
       Scroll            |       |     8 |     4 ||    12
 Stab: Sleeping          |     4 |     1 |     1 ||     6
  Eat: Chunk             |     3 |     4 |    10 ||    17
       Bread ration      |       |     1 |       ||     1
Armor: Skin              |    56 |    51 |   114 ||   221
Dodge: Dodged            |   108 |   123 |   198 ||   429
